 Dungeon Crawl Stone Soup version 0.31.0-12-g77e489cdc1 (webtiles) character file.

Game seed: 3528446411921430305

39 Silvore the Covered (level 3, -2/29 HPs)
             Began as a Demonspawn Fighter on Feb 15, 2024.
             Killed by divine providence
             ... invoked by an orc priest
              (14 damage)
             ... on level 3 of the Dungeon.
             The game lasted 00:01:30 (1501 turns).

Silvore the Covered (Demonspawn Fighter)            Turns: 1501, Time: 00:01:31

Health: -2/29      AC: 10    Str: 18    XL:     3   Next: 28%
Magic:  3/3        EV:  9    Int:  8    God:
Gold:   103        SH:  4    Dex: 12    Spells: 2/2 levels left

rFire   . . .        a - +0 long sword
rCold   . . .        c - +0 buckler
rNeg    . . .        b - +0 scale mail
rPois   .            (helmet restricted)
rElec   .            (no cloak)
rCorr   .            j - +2 pair of gloves
SInv    .            (no boots)
Will    .....        (no amulet) Stlth
                     (no ring)
HPRegen 0.24/turn    (no ring)
MPRegen 0.08/turn

%: no passive effects
@: no status effects
A: horns 1
a: no special abilities


You were on level 3 of the Dungeon.
You visited 1 branch of the dungeon, and saw 3 of its levels.

You collected 103 gold pieces.

Inventory:

Hand Weapons
 a - a +0 long sword (weapon)
Armour
 b - a +0 scale mail (worn)
 c - a +0 buckler (worn)
 j - a +2 pair of gloves (worn)
Scrolls
 e - 2 scrolls of immolation
Potions
 d - a potion of might
 f - 2 potions of heal wounds
 g - a potion of ambrosia {unknown}
 h - a potion of resistance {unknown}


   Skills:
 + Level 3.1 Fighting
 + Level 2.2 Long Blades
 + Level 3.4 Armour
 + Level 0.1 Dodging
 + Level 2.9 Shields


You had 2 spell levels left.
You didn't know any spells.
Your spell library contained the following spells:

 Spells                   Type           Power      Damage    Failure   Level
 Magic Dart               Conj           0%         1d3       86%         1
 Blink                    Tloc           0%         N/A       95%         2
 Call Imp                 Summ           0%         N/A       95%         2


Dungeon Overview and Level Annotations

Branches:
Dungeon (3/15)

Altars:


Innate Abilities, Weirdness & Mutations

You have a pair of small horns on your head.


Message History

Found a stone staircase leading down.
There is a faded altar of an unknown god here.
This altar belongs to (a) Trog, (b) Fedhas or (c) Dithmenos, but you can't tell which.
Press the corresponding letter to learn more about a god, or press enter to convert or escape to cancel.
Okay, then.
As you read the scroll labelled LIHOAJ YTEMING, it crumbles to dust.
It is a scroll of identify.
f - 2 potions of heal wounds 2 orcs come into view.
The orc shouts! x2; You hear a shout! x2
An orc priest comes into view.
It is wielding a +2 hand axe of electrocution.
You hear a shout!
There are monsters nearby!
Unknown command.
An orc priest comes into view. It is wielding a +0 whip.
You block the orc's attack.
An orc comes into view. It is wielding a +0 club.
The orc hits you but does no damage.
You completely miss the orc priest. Your headbutt misses the orc priest.
The orc hits you but does no damage.
The orc priest mumbles some strange prayers to Beogh against you.
Beogh smites you!
You hit the orc priest.
The orc priest is lightly wounded.
The orc closely misses you. The orc priest misses you.
You closely miss the orc priest.
The orc priest is lightly wounded.
The orc hits you but does no damage.
The orc priest hits you but does no damage.
The orc barely misses you.
The orc priest hits you with a +2 hand axe of electrocution.
You barely miss the orc priest.
The orc priest is lightly wounded.
The orc hits you with a +0 trident.
The orc priest hits you but does no damage.
Unknown command.
You hit the orc priest.
The orc priest is heavily wounded.
The orc priest mumbles some strange prayers to Beogh against you.
Beogh smites you!
You die...

#.#.# #....
##...## .....
###...# . ...o.
.> #oo# ..
#####o#
#.###...o@##.#
#............#
##....#####..#
#....##.....##.#
....
#..#.<..#..# ...
#.......#..# .
#.<._.#....#
#.......#..#
#..#.<..# .#


You could see 2 orc priests and 3 orcs.

Vanquished Creatures
  An adder (D:2)
  2 ball pythons
  3 endoplasms
  A giant cockroach (D:1)
  A goblin (D:2)
  5 hobgoblins
  2 jackals (D:1)
  4 bats
  A frilled lizard (D:2)
  3 kobolds
  5 rats
28 creatures vanquished.

Notes
Turn   | Place    | Note
-------+----------+-------------------------------------------
     0 | D:1      | Silvore the Demonspawn Fighter began the quest for the Orb.
     0 | D:1      | Reached XP level 1. HP: 18/18 MP: 1/1
   210 | D:1      | Gained mutation: You have a pair of small horns on your
                  | head. [demonic ancestry]
   210 | D:1      | Reached XP level 2. HP: 24/24 MP: 2/2
   979 | D:2      | Reached XP level 3. HP: 29/29 MP: 3/3
  1454 | D:3      | Found a faded altar of an unknown god.
  1501 | D:3      | Killed from afar by an orc priest

Illustrated notes

Levels and vault maps discovered:
D:1:      scummos_arrival_simple_fountains, layout_loops_ring,
          dreamdust_princess_bridge, minivault_19
D:2:      layout_loops_corners, hangedman_decor_clover_reticule
D:3:      layout_loops_corners, mainiacjoe_overflow_catwalk,
          nicolae_ecumenical_pavilion, uniq_crazy_yiuf_cottage, uniq_grinder

Skill      XL: |  1  2 |
---------------+-------+-----
Armour         | 3 |  3.4
Long Blades    | 2 |  2.2
Fighting       | |  3.1
Dodging        | |  0.1
Shields        | |  2.9

Action                     || total
---------------------------++-------
  Melee: Long sword        ||    80
         Headbutt          ||     9
    Use: Scroll            ||     7
 Armour: Scale mail        ||    78
  Dodge: Dodged            ||    33
  Block: Buckler           ||    22
